 Dungeon Crawl Stone Soup version 0.24.1-14-gf8d2b509d9 (webtiles) character file.

Game seed: 6163156105817294303, levelgen mode: deterministic

3283 rjrrt the Destroyer (level 9, -2/45 HPs)
             Began as a Deep Elf Fire Elementalist on Aug 30, 2021.
             Was a Priest of Vehumet.
             Slain by an orc warrior
             ... wielding a +0 halberd
              (7 damage)
             ... on level 7 of the Dungeon.
             The game lasted 00:27:02 (8164 turns).

rjrrt the Destroyer (Deep Elf Fire Elementalist)    Turns: 8164, Time: 00:27:03

Health: -2/45      AC:  5    Str:  7    XL:     9   Next: 69%
Magic:  20/24      EV: 12    Int: 26    God:    Vehumet [***...]
Gold:   564        SH:  0    Dex: 15    Spells: 4/26 levels left

rFire    . . .     SeeInvis .   a - +0 spear (distort)
rCold    . . .     Gourm    .   (no shield)
rNeg     . . .     Faith    .   B - +0 leather armour {MR+}
rPois    .         Spirit   .   (no helmet)
rElec    .         Reflect  .   (no cloak)
rCorr    .         Harm     .   (no gloves)
MR       +....                  l - +1 pair of boots
Stlth    ++........             (no amulet)
HPRegen  0.15/turn              m - +2 ring of strength
MPRegen  0.19/turn              s - +2 ring of intelligence

@: no status effects
A: no striking features
a: Renounce Religion


You were on level 7 of the Dungeon.
You worshipped Vehumet.
Vehumet was most pleased with you.
You were not hungry.

You visited 2 branches of the dungeon, and saw 9 of its levels.
You also visited: Ossuary.

You collected 564 gold pieces.

Inventory:

Hand Weapons
 a - a +0 spear of distortion (weapon)
Missiles
 o - 31 poisoned darts (quivered)
Armour
 l - a +1 pair of boots (worn)
 B - a +0 leather armour of magic resistance (worn)
Jewellery
 m - a +2 ring of strength (left hand)
 q - an uncursed ring of ice
 s - a +2 ring of intelligence (right hand)
Wands
 e - a wand of flame (21)
Scrolls
 f - a scroll of magic mapping
 k - 7 scrolls of teleportation
 u - 3 scrolls of remove curse
 v - a scroll of amnesia
Potions
 b - a potion of invisibility
 g - 3 potions of might
 h - a potion of cancellation
 i - 2 potions of brilliance
 j - a potion of haste
 n - 2 potions of curing
 p - 3 potions of ambrosia
 t - a potion of berserk rage {unknown}
 w - a potion of heal wounds {unknown}
 x - 4 potions of agility
 z - 2 potions of flight
Comestibles
 c - 13 rations


   Skills:
 - Level 2.4 Dodging
 - Level 2.4 Stealth
 + Level 9.1 Spellcasting
 * Level 10.2 Conjurations
 * Level 9.1 Fire Magic


You had 4 spell levels left.
You knew the following spells:

 Your Spells              Type           Power        Failure   Level  Hunger
a - Flame Tongue          Conj/Fire      #####        1%          1    None
b - Conjure Flame         Conj/Fire      ######..     1%          3    None
c - Sticky Flame          Conj/Fire      ######..     1%          4    #......
d - Fireball              Conj/Fire      ######....   1%          5    ####...
e - Magic Dart            Conj           ####         1%          1    None
f - Stone Arrow           Conj/Erth      #####.       1%          3    None
I - Call Imp              Summ           ##......     12%         2    None
K - Blink                 Tloc           N/A          12%         2    None
U - Summon Butterflies    Summ           ##......     8%          1    None

Your spell library contained the following spells:

 Spells                   Type           Power        Failure   Level  Hunger
 Ignite Poison            Fire/Tmut/Pois ####....     1%          3    None
 Searing Ray              Conj           ######       1%          2    None
 Throw Flame              Conj/Fire      ######       1%          2    None
 Dazzling Spray           Conj/Hex       #####.       1%          3    None
 Inner Flame              Hex/Fire       #####...     1%          3    None
 Mephitic Cloud           Conj/Pois/Air  ####....     1%          3    None
 Iskenderun's Mystic Bla  Conj           ######..     1%          4    #......
 Sandblast                Erth           ##....       2%          1    None
 Force Lance              Conj/Tloc      #####...     2%          4    #......
 Fulminant Prism          Conj/Hex       #####.....   2%          4    #......
 Passwall                 Tmut/Erth      ##......     12%         2    None
 Slow                     Hex            ##......     12%         2    None
 Call Canine Familiar     Summ           ##......     22%         3    None
 Petrify                  Tmut/Erth      ##......     58%         4    #......
 Summon Ice Beast         Ice/Summ       ##......     58%         4    #......
 Lee's Rapid Deconstruct  Erth           ##........   45%         5    ####...
 Summon Mana Viper        Hex/Summ       ##......     91%         5    ####...
 Summon Hydra             Summ           ##........   100%        7    #######


Dungeon Overview and Level Annotations

Branches:
Dungeon (8/15)             Temple (1/1) D:4         Ossuary (visited)
   Lair: D:8-11

Altars:
Ashenzari
Cheibriados
Dithmenos
Fedhas
Gozag
Hepliaklqana
Kikubaaqudgha
Nemelex Xobeh
Qazlal
Ru
Trog
Vehumet
Wu Jian
Xom
Zin
The Shining One

Shops:
D:6 %==*%   D:8 [

Annotations:
D:2 Sigmund


Message History

Okay, then.
Unknown command.
Okay, then.
Unknown command.
Okay, then.
Unknown command.
Casting: Flame Tongue (safe; 1% risk of failure)
Confirm with . or Enter, or press ? or * to list all spells.
You don't know that spell.
Unknown command.
Unknown command.
Casting: Flame Tongue (safe; 1% risk of failure)
Confirm with . or Enter, or press ? or * to list all spells.
You blink.
The orc warrior misses you. The bullfrog closely misses you.
Unknown command.
Casting: Blink (safe; 12% risk of failure)
Confirm with . or Enter, or press ? or * to list all spells.
You blink.
The orc warrior hits you with a +0 halberd!
You die...

..... .... ....
...###+##
#+###......####...
#.#.+......'....o.
#.#.#......# #
#.#.#..@F.z#
#.##.#.#...o.z#
#......###o..ยง#
#....o>oo'....+
#...oo####....#
#...o.o .o......#
#.......o.......#
##...o..........#
#..!...........#


You could see 2 orc warriors, a bullfrog, 2 wights and an orc wizard.

Vanquished Creatures
  A two-headed ogre (D:8)
  A troll (D:6)
  A sky beast (D:6)
  An ice beast (D:6)
  A phantom (D:8)
  3 ogres (D:4)
  4 centaurs
  A big kobold (D:8)
  A wyvern zombie (D:8)
  2 bullfrogs
  3 water moccasin zombies (Ossuary)
  A scorpion (D:5)
  4 crimson imps
  5 orc priests
  3 hounds (D:8)
  An iguana (D:4)
  Jessica (D:3)
  6 orc wizards
  3 worker ants (D:4)
  2 big kobold zombies (Ossuary)
  2 hound zombies (D:6)
  A hound skeleton (D:8)
  2 mummies (Ossuary)
  A howler monkey skeleton (D:8)
  15 adders
  An ooze (D:4)
  2 adder skeletons
  10 adder zombies
  4 worms
  4 dart slugs
  5 leopard geckos
  24 orcs
  9 bats
  3 giant cockroaches
  2 gnoll zombies (Ossuary)
  11 goblins
  9 hobgoblins
  7 jackals
  8 kobolds
  5 quokkas
  3 frilled lizards (D:1)
  5 hobgoblin zombies (Ossuary)
  A kobold zombie (Ossuary)
  A leopard gecko skeleton (D:4)
  An orc zombie (Ossuary)
  A quokka zombie (D:6)
  8 rats
190 creatures vanquished.

Vanquished Creatures (others)
  A bat (D:1)
1 creature vanquished.

Grand Total: 191 creatures vanquished

Notes
Turn   | Place    | Note
-------+----------+-------------------------------------------
     0 | D:1      | rjrrt the Deep Elf Fire Elementalist began the quest for
                  | the Orb.
     0 | D:1      | Reached XP level 1. HP: 10/10 MP: 6/6
   305 | D:1      | Reached XP level 2. HP: 15/15 MP: 0/8
   362 | D:1      | Reached skill level 2 in Conjurations
   645 | D:1      | Reached XP level 3. HP: 19/19 MP: 7/10
   650 | D:1      | Learned a level 3 spell: Conjure Flame
  1127 | D:2      | Noticed Sigmund
  1236 | D:3      | Reached skill level 3 in Conjurations
  1302 | D:3      | Reached XP level 4. HP: 24/24 MP: 5/11
  1420 | D:3      | Noticed Jessica
  1421 | D:3      | Killed Jessica
  1666 | D:3      | Reached XP level 5. HP: 20/28 MP: 4/13
  1733 | D:3      | Learned a level 4 spell: Sticky Flame
  1934 | D:3      | Reached skill level 4 in Conjurations
  2380 | D:3      | Learned a level 5 spell: Fireball
  2685 | D:4      | Noticed an ogre
  2686 | D:4      | Found a staircase to the Ecumenical Temple.
  2692 | D:4      | Killed an ogre
  2692 | D:4      | Reached skill level 5 in Spellcasting
  2692 | D:4      | Reached skill level 5 in Conjurations
  2692 | D:4      | Reached XP level 6. HP: 32/32 MP: 10/15
  2752 | Temple   | Entered the Ecumenical Temple
  2769 | Temple   | Became a worshipper of Vehumet
  2833 | D:4      | Reached skill level 5 in Fire Magic
  2859 | D:4      | Found a sand-covered staircase.
  2890 | Ossuary  | Entered an ossuary
  2966 | Ossuary  | Reached XP level 7. HP: 29/36 MP: 10/17
  3290 | Ossuary  | Reached skill level 6 in Conjurations
  3371 | Ossuary  | Reached * piety under Vehumet
  3371 | Ossuary  | Offered knowledge of Sandblast by Vehumet.
  3399 | Ossuary  | Learned a level 1 spell: Magic Dart
  3402 | Ossuary  | Learned a level 2 spell: Blink
  3405 | Ossuary  | Learned a level 2 spell: Call Imp
  4328 | D:5      | Entered Level 5 of the Dungeon
  4561 | D:5      | Found a blossoming altar of Fedhas.
  4569 | D:5      | Reached skill level 7 in Conjurations
  4605 | D:5      | Reached XP level 8. HP: 21/41 MP: 2/20
  5066 | D:5      | Found a snail-covered altar of Cheibriados.
  5358 | D:5      | Found a shattered altar of Ashenzari.
  5424 | D:5      | Offered knowledge of Shock by Vehumet.
  5473 | D:5      | Reached skill level 8 in Conjurations
  5514 | D:5      | Found a sparkling altar of Nemelex Xobeh.
  5548 | D:5      | Reached ** piety under Vehumet
  5793 | D:5      | Learned a level 3 spell: Stone Arrow
  5895 | D:6      | Noticed a troll
  6328 | D:6      | Killed a troll
  6328 | D:6      | Reached XP level 9. HP: 45/45 MP: 10/23
  6333 | D:6      | Reached skill level 9 in Conjurations
  6483 | D:6      | Found Gozag's Platinum Reserve.
  6486 | D:6      | Found Enuom's Jewellery Shop.
  6494 | D:6      | Found Naif's Food Emporium.
  6554 | D:6      | Found an opulent altar of Gozag.
  6618 | D:6      | Found Bitiar's Food Shop.
  6642 | D:6      | Found a shimmering altar of Xom.
  6643 | D:6      | Found a shimmering altar of Xom.
  6643 | D:6      | Found a shimmering altar of Xom.
  6646 | D:6      | Offered knowledge of Ignite Poison by Vehumet.
  6789 | D:6      | Found an ancient bone altar of Kikubaaqudgha.
  6792 | D:6      | Found an ornate altar of the Wu Jian Council.
  6795 | D:6      | Found a stormy altar of Qazlal.
  6861 | D:6      | Learned a level 1 spell: Summon Butterflies
  7028 | D:6      | Found Quacar's Jewellery Shop.
  7094 | D:7      | Found a bloodstained altar of Trog.
  7254 | D:7      | You fall into a shaft and drop 1 floor!
  7279 | D:8      | Found a shadowy altar of Dithmenos.
  7359 | D:8      | HP: 2/45 [orc priest/nerve-wracking pain (13)]
  7816 | D:8      | Found Cidaneas's Antique Armour Emporium.
  7817 | D:8      | Noticed a two-headed ogre
  7830 | D:8      | Killed a two-headed ogre
  7830 | D:8      | Reached skill level 10 in Conjurations
  7970 | D:8      | Reached *** piety under Vehumet
  8164 | D:7      | Slain by an orc warrior

Levels and vault maps discovered:
D:1:      minmay_arrival_four_houses, layout_loops_ring
D:2:      layout_loops_ring, yredelemnul_forgotten_temple_becter,
          serial_bayou_pond_d, uniq_terence, uniq_sigmund
D:3:      minmay_bubble_buster, layout_basic, first_ration, uniq_jessica
D:4:      layout_gridville, minmay_temple_entry_offerings,
          nicolae_ossuary_entry_ruins
D:5:      layout_cave_pools, lemuel_round_altar, fedhas_altar_1, slow_altar_1,
          basic_altar
D:6:      layout_loops_ring, xom_redecorated, nicolae_gozag_zags_fifth_avenue,
          grunt_temple_overflow_diamond, serial_shops, kennysheep_mini, shop,
          nicolae_shop_trees, nicolae_shop_stone, hex_tiny,
          chequers_serial_rivers_small_3
D:7:      layout_basic, bloody_trog
D:8:      layout_loops_ring, grunt_dithmenos_smoke_and_mirrors, serial_shops,
          shop, blue_anna_alchemist [blue_anna_fruit_fields,
          blue_anna_fruit_fields]
Temple:   zaba_magenta_temple

Skill      XL: |  1  2  3  4  5  6  7  8  9 |
---------------+----------------------------+-----
Conjurations   | 2 3 5 7 8 10 | 10.2
Spellcasting   | 4 5 6 8 9 |  9.1
Fire Magic     | 4 5 6 7 9 |  9.1
Dodging        | |  2.4
Stealth        | |  2.4

Action                   |  1- 3 |  4- 6 |  7- 9 || total
-------------------------+-------+-------+-------++-------
Melee: Spear             |     1 |     2 |    13 ||    16
Throw: Dart              |       |     9 |     6 ||    15
 Cast: Flame Tongue      |    82 |   100 |   201 ||   383
       Conjure Flame     |       |     5 |    10 ||    15
       Sticky Flame      |       |     4 |    11 ||    15
       Magic Dart        |       |       |    27 ||    27
       Fireball          |       |       |    10 ||    10
       Blink             |       |       |     2 ||     2
  Use: Scroll            |       |       |    19 ||    19
       Potion            |       |       |     2 ||     2
 Stab: Invisible         |       |       |     1 ||     1
  Eat: Chunk             |     1 |     6 |    11 ||    18
       Ration            |       |       |     2 ||     2
Armor: Robe              |     7 |     3 |    10 ||    20
       Leather armour    |       |       |     5 ||     5
Dodge: Dodged            |    22 |    18 |    52 ||    92
